 Dungeon Crawl Stone Soup version 0.24-a0-580-g6a6c3f83c1 (webtiles) character file.

Game seed: 13241814613534053265

95 Electrofox the Changer (level 4, 0/35 HPs)
             Began as a Draconian Transmuter on Aug 22, 2019.
             Slain by Grinder (10 damage)
             ... while paralysed by Grinder
             ... on level 3 of the Dungeon.
             The game lasted 00:11:06 (2176 turns).

Electrofox the Changer (Draconian Transmuter)       Turns: 2176, Time: 00:11:07

Health: 0/35       AC:  5    Str: 13    XL:     4   Next: 39%
Magic:  3/8        EV:  2    Int: 14    God:
Gold:   156        SH:  0    Dex: 11    Spells: 5/8 levels left

rFire    . . .     SeeInvis .     - Unarmed
rCold    . . .     Gourm    .   (no shield)
rNeg     . . .     Faith    .   (armour unavailable)
rPois    .         Spirit   .   (helmet restricted)
rElec    .         Reflect  .   (no cloak)
rCorr    .         Harm     .   (no gloves)
MR       .....                  (boots currently unavailable)
Stlth    +.........             (no amulet)
HPRegen  0.11/turn              (no ring)
MPRegen  0.11/turn              (no ring)

@: paralysed, appendage (expiring)
A: unfitting armour, talons 3, cold-blooded, AC +5
a: End Transformation


You were on level 3 of the Dungeon.
You were hungry.
You had grown temporary talons.
You visited 1 branch of the dungeon, and saw 3 of its levels.

You collected 156 gold pieces.

Inventory:

Missiles
 a - 23 arrows
Armour
 h - a +0 pair of boots
Scrolls
 e - a scroll of enchant armour {unknown}
 m - a scroll of identify {unknown}
Potions
 b - a potion of mutation {unknown}
 d - 4 potions of might {unknown}
 f - a potion of degeneration {unknown}
 g - 2 potions of lignification {unknown}
 i - a potion of brilliance {unknown}
 j - a potion of curing {unknown}
 l - a potion of ambrosia {unknown}
Comestibles
 c - 8 rations
 k - 6 chunks of flesh


   Skills:
 - Level 1.1 Fighting
 - Level 1.7 Dodging
 - Level 3.0 Unarmed Combat
 + Level 2.9 Spellcasting
 * Level 4.0 Transmutations


You had 5 spell levels left.
You knew the following spells:

 Your Spells              Type           Power        Failure   Level  Hunger
a - Beastly Appendage     Tmut           ##....       4%          1    #......
b - Sticks to Snakes      Tmut           ##......     6%          2    ##.....

Your spell library contained the following spells:

 Spells                   Type           Power        Failure   Level  Hunger
 Spider Form              Tmut/Pois      #.........   28%         3    ###....
 Ice Form                 Ice/Tmut       #.......     67%         4    #####..
 Blade Hands              Tmut           ##........   75%         5    ######.


Dungeon Overview and Level Annotations

Branches:
Dungeon (3/15)

Altars:
Trog
Wu Jian

Annotations:
D:2 exclusions: door and moth of wrath
D:3 Grinder, Ijyb


Innate Abilities, Weirdness & Mutations

Your plain brown scales are hard. (AC +5)
You cannot fit into any form of body armour.
You are cold-blooded and may be slowed by cold attacks.
You have claws for feet.


Message History

Grinder hits your ball python!
Your ball python dies!
You hit the goblin but do no damage. The goblin barely misses you.
Casting: Beastly Appendage (safe; 4% risk of failure)
Confirm with . or Enter, or press ? or * to list all spells.
You create a snake!
You now have 23 arrows.
The goblin hits you but does no damage. The goblin hits you but does no damage.
Grinder blinks!
You closely miss the goblin. The goblin misses you.
You closely miss the goblin. The goblin completely misses you.
You hit the goblin.
You kill the goblin!
Grinder gestures at you.
You suddenly lose the ability to move!
Grinder blinks!
Your transformation is almost over.
Grinder gestures at you.
You barely resist. Grinder hits you!
You die...

####################
#.............รท....#
######.################.#
#.......................#
######.###.......##########..#
#......###..####.####### #..#
#.#####.........5......####..####
#.#####.##..#..S@....#..>........
#....##.##..#.##)###.######...###
####.##.......##.# #.# #...#
#.##.##g......# #># #...#
#.##.......)<## #.######..##
##.##..###....####.........#
##w5.w..# #......########...####
##...g.>.###....#.# #.......
)..............<#.#########..####


You could see Grinder and a friendly adder.

Vanquished Creatures
  A worm (D:2)
  3 dart slugs
  4 leopard geckos
  9 bats
  7 giant cockroaches
  10 goblins
  8 hobgoblins
  2 jackals (D:3)
  A quokka (D:3)
  2 frilled lizards
  4 kobolds
  3 rats
54 creatures vanquished.

Vanquished Creatures (collateral kills)
  Robin (D:3)
  2 adders (D:2)
  A goblin (D:2)
4 creatures vanquished.

Grand Total: 58 creatures vanquished

Notes
Turn   | Place    | Note
-------+----------+-------------------------------------------
     0 | D:1      | Electrofox the Draconian Transmuter began the quest for the
                  | Orb.
     0 | D:1      | Reached XP level 1. HP: 16/16 MP: 3/3
   289 | D:1      | Reached XP level 2. HP: 6/23 MP: 3/5
   721 | D:1      | Learned a level 2 spell: Sticks to Snakes
  1052 | D:2      | Reached skill level 3 in Transmutations
  1129 | D:2      | Reached XP level 3. HP: 28/28 MP: 4/6
  1495 | D:2      | Found an ornate altar of the Wu Jian Council.
  1696 | D:2      | Noticed a moth of wrath
  1698 | D:2      | Found a bloodstained altar of Trog.
  1922 | D:3      | Reached XP level 4. HP: 35/35 MP: 8/8
  1953 | D:3      | Noticed Ijyb
  2117 | D:3      | Noticed Grinder
  2121 | D:3      | Noticed Robin
  2141 | D:3      | Paralysed by Grinder for 6 turns
  2159 | D:3      | Killed Robin
  2159 | D:3      | Reached skill level 4 in Transmutations
  2171 | D:3      | Paralysed by Grinder for 7 turns
  2176 | D:3      | Slain by Grinder

Levels and vault maps discovered:
D:1:      co_arrival_hall_of_pillars, layout_basic, minivault_14,
          grunt_decor_cap, minmay_small_reverse_x
D:2:      layout_loops_ring, tgw_trog, lemuel_round_altar
D:3:      layout_loops_ring, ebering_ghost_reflecting_pool,
          minmay_quadrilaterals, uniq_robin, uniq_ijyb, uniq_grinder

Skill      XL: |  1  2  3  4 |
---------------+-------------+-----
Transmutations | 3 4 |  4.0
Fighting       | |  1.1
Dodging        | |  1.7
Unarmed Combat | |  3.0
Spellcasting   | |  2.9

Action                   |  1- 3 |  4- 6 || total
-------------------------+-------+-------++-------
Melee: Unarmed           |   163 |    46 ||   209
       Tailslap          |    16 |     5 ||    21
       Kick              |    16 |     5 ||    21
       Headbutt          |     2 |     1 ||     3
       Punch             |     3 |       ||     3
 Cast: Beastly Appendage |    17 |     4 ||    21
       Sticks to Snakes  |     3 |     4 ||     7
  Eat: Chunk             |     4 |       ||     4
Armor: Skin              |    74 |    17 ||    91
Dodge: Dodged            |   134 |    27 ||   161

Table legend:
 A = Non-vault XP
 B = Vault XP
 C = Vault XP percentage of total XP
 D = Non-vault monster count
 E = Vault monster count
 F = Vault count percentage of total count
                 A         B        C        D         E       F
            +---------+---------+-------+---------+---------+-------
      Total |     103 |      33 |  24.3 |      45 |      13 |  22.4
            +---------+---------+-------+---------+---------+-------
        D:1 |      24 |       7 |  22.6 |      13 |       4 |  23.5
        D:2 |      61 |       0 |   0.0 |      22 |       0 |   0.0
        D:3 |      18 |      26 |  59.1 |      10 |       9 |  47.4
            +---------+---------+-------+---------+---------+-------
